 Dungeon Crawl Stone Soup version 0.18-a0-1542-g9c1a92e (webtiles) character file.

10330 Ratboiler the Spry (level 11, -4/73 HPs)
             Began as a Felid Wanderer on Mar 10, 2016.
             Was a High Priest of Trog.
             Slain by a komodo dragon (13 damage)
             ... on level 6 of the Lair of Beasts.
             The game lasted 00:38:09 (17102 turns).

Ratboiler the Spry (Felid Wanderer)                Turns: 17102, Time: 00:38:09

Health: -4/73      AC:  2    Str: 13    XL:     11   Next: 34%
Magic:  12/12      EV: 34    Int: 13    God:    Trog [*****.]
Gold:   805        SH:  0    Dex: 20    Spells: 0 memorised, 10 levels left
                                        Lives:  0   Deaths: 3

rFire  . . .     SeeInvis +       - Unarmed
rCold  + . .     Gourm    .     (armour unavailable)
rNeg   . . .     Faith    .     (shield unavailable)
rPois  .         Spirit   .     (helmet unavailable)
rElec  .         Dismiss  .     (cloak unavailable)
rCorr  .         Reflect  .     (gloves unavailable)
SustAt +         Harm     .     (boots unavailable)
MR     +....                    (no amulet)
Stlth  ..........               G - ring of sustain attributes
                                j - ring of protection from cold

@: berserking, very quick, somewhat resistant to hostile enchantments, extremely
unstealthy
A: no armour, no weapons or thrown items, claws 1, fangs 3, see invisible,
carnivore 3, speed 1, shaggy fur 2, slow metabolism 1, sharp paws
a: Berserk, Trog's Hand, Brothers in Arms, Burn Spellbooks, Renounce Religion


You were on level 6 of the Lair of Beasts.
You worshipped Trog.
Trog was extremely pleased with you.
You were full.

You visited 3 branches of the dungeon, and saw 16 of its levels.
You also visited: Labyrinth.

You collected 805 gold pieces.

Inventory:

Jewellery
 h - an uncursed ring of positive energy
 j - a ring of protection from cold (left paw)
 y - an uncursed ring of ice
 G - a ring of sustain attributes (right paw)
Wands
 r - a wand of paralysis (9/24)
 s - a wand of teleportation (3/9)
 u - a wand of confusion (19/48)
 B - a wand of random effects (31/48)
 D - a wand of digging (14/24)
 E - a wand of iceblast (2/15)
 F - a wand of polymorph (11/24)
 H - a wand of lightning (5/15)
 K - a wand of polymorph (13/24)
 O - a wand of random effects (26/48)
Scrolls
 e - 3 scrolls of teleportation
 f - 4 scrolls of noise
 k - 6 scrolls of remove curse
 l - a scroll of blinking
 m - a scroll of fear
 x - a scroll of amnesia
 J - a scroll of enchant weapon {unknown}
 L - a scroll of enchant armour {unknown}
 M - a scroll of magic mapping
Potions
 a - 4 potions of haste
 b - 6 potions of lignification
 d - a potion of flight
 g - 3 potions of agility
 n - 2 potions of curing
 o - 3 potions of might
 t - 3 potions of brilliance {unknown}
 w - 2 potions of berserk rage
 z - a potion of invisibility
 A - a potion of cure mutation {unknown}
 C - a potion of ambrosia
 N - a potion of heal wounds
Books
 q - a book of Fire

   Spells                             Type                      Level
   a - Ignite Poison                  Fire/Transmutation/Poison    3
   b - Fireball                       Conjuration/Fire             5
   c - Bolt of Fire                   Conjuration/Fire             6
   d - Delayed Fireball               Conjuration/Fire             7
   e - Ring of Flames                 Charms/Fire                  7
   Trog disapproves of the use of such an item.
 v - the Reference Book on Calling and Displacement
   (You found it in a labyrinth)

   Spells                             Type                      Level
   a - Summon Small Mammal            Summoning                    1
   b - Call Imp                       Summoning                    2
   c - Gell's Gravitas                Hexes/Translocation          3
   d - Recall                         Summoning/Translocation      3
   e - Summon Hydra                   Summoning                    7
   Trog disapproves of the use of such an item.
Miscellaneous
 I - a fan of gales
Comestibles
 c - 13 meat rations
 i - 5 beef jerkies
 p - 3 slices of pizza


   Skills:
 * Level 6.5 Fighting
 - Level 16.2 Dodging
 - Level 7.8 Stealth
 + Level 12.5 Unarmed Combat
 - Level 1.1 Evocations


You had 10 spell levels left.
You didn't know any spells.

Dungeon Overview and Level Annotations

Branches:
Dungeon (8/15)             Temple (1/1) D:5            Lair (7/8) D:8
  Swamp (0/4) Lair:6       Spider (0/4) Lair:6        Slime (0/6) Lair:6

Altars:
Cheibriados
Dithmenos
Gozag
Kikubaaqudgha
Makhleb
Nemelex Xobeh
Okawaru
Pakellas
Ru
Trog
Vehumet
Xom
Zin
The Shining One

Shops:
D:4 *   D:7 [

Annotations:
D:3 exclusion: door
Lair:1 exclusions: door, ice beast and ice statue
Lair:2 exclusion: hydra, Sonja
Lair:3 Nergalle
Lair:4 exclusions: oklob plant and 3 more exclusions
Lair:5 exclusion: spiny frog
Lair:6 exclusion: tarantella


Innate Abilities, Weirdness & Mutations

You cannot wear armour.
You are incapable of wielding weapons or throwing items.
You have sharp claws.
You have razor-sharp teeth.
You have supernaturally acute eyesight.
You are carnivorous and can eat meat at any time.
You cover ground quickly.
You are covered in thick fur (AC +2).
You have a slow metabolism.
Your sharp claws are effective at attacking unaware monsters.


Message History

You claw the spiny frog!
The spiny frog is almost dead.
The komodo dragon closely misses you. The spiny frog barely misses you.
You scratch the spiny frog.
The spiny frog is almost dead.
You claw the spiny frog!
You kill the spiny frog!
Trog accepts your kill. The komodo dragon bites you!!
* * * LOW HITPOINT WARNING * * *
You mangle the komodo dragon!!
The komodo dragon is heavily wounded.
You barely miss the komodo dragon.
The komodo dragon is heavily wounded.
The komodo dragon bites you.
* * * LOW HITPOINT WARNING * * *
You claw the komodo dragon!
The komodo dragon is severely wounded.
The komodo dragon bites you!
You die...

##..######## ## ######.#
.#.P#..#.P.####..#.P.##.##..##.#.
........P........................
.................................
........# ..#......#......#....#
.#......### ........###.##..P....
#......#.P## #......###.###......
.#....P....###.†l....#..........#
...........##$..@...##...........
.#.........##........##..##......
##....###.####.....####.####.....
.P....###..#.........#....#.....#
................................#
.................................
.................................
.................................
.................................


You could see a komodo dragon.

Vanquished Creatures
  A minotaur (Lab)
  Fannar (Lair:1)
  The ghost of George the Cleaver, a novice HOGl (D:6)
  A black mamba (Lair:6)
  4 spiny frogs
  2 komodo dragons
  2 polar bears (Lair:1)
  The ghost of yogakurto the Experimenter, an amateur OpAr of Pakellas (D:4)
  A spriggan (D:7)
  3 wraiths (D:7)
  23 yaks
  4 hippogriffs
  7 porcupines
  Duvessa (D:4)
  6 water moccasins
  8 ice beasts
  2 sky beasts
  2 orc warriors (D:7)
  A phantom (D:7)
  3 ogres
  A black bear (D:8)
  3 centaurs
  6 crocodiles
  9 giant frogs
  Blork the orc (D:4)
  6 scorpions
  Dowan (D:4)
  A troll zombie (D:7)
  A wight (D:7)
  3 killer bees (D:8)
  7 howler monkeys
  3 crimson imps
  A quasit (D:6)
  4 orc priests
  2 centaur skeletons
  A jelly (D:6)
  3 human zombies (D:7)
  5 hounds
  2 giant frog skeletons
  9 iguanas
  4 worker ants
  3 orc wizards
  12 sheep (Lair:6)
  A hound skeleton (D:4)
  3 mummies (D:7)
  A worker ant zombie (D:6)
  3 gnolls
  7 adders
  29 river rats
  A white imp (Lair:1)
  2 oozes
  An adder skeleton (D:6)
  2 worms
  2 dart slugs
  4 giant geckos
  29 orcs
  4 ball pythons
  6 bats
  7 giant cockroaches
  4 goblins
  8 hobgoblins
  8 jackals
  6 quokkas
  A giant gecko skeleton (D:4)
  2 giant gecko zombies
  4 giant newts
  9 kobolds
  An orc zombie (D:7)
  9 rats
316 creatures vanquished.

Vanquished Creatures (others)
  A rakshasa (D:3)
  A scorpion (D:8)
  2 fungi (Lair:2)
4 creatures vanquished.

Grand Total: 320 creatures vanquished

Notes
Turn   | Place    | Note
--------------------------------------------------------------
     0 | D:1      | Ratboiler the Felid Wanderer began the quest for the Orb.
     0 | D:1      | Ratboiler set off with: 2 potions of haste, 2 potions of lignification, a meat ration
     0 | D:1      | Reached XP level 1. HP: 10/10 MP: 2/2
    91 | D:1      | Reached XP level 2. HP: 14/14 MP: 3/3
   401 | D:1      | Found a glowing golden altar of the Shining One.
   709 | D:1      | Reached XP level 3. HP: 17/17 MP: 4/4
  1442 | D:2      | Reached XP level 4. HP: 21/21 MP: 5/5
  1452 | D:2      | Found a burning altar of Makhleb.
  1818 | D:3      | Found an oddly glowing altar of Pakellas.
  1819 | D:3      | Noticed a rakshasa
  1835 | D:3      | Killed a rakshasa
  1954 | D:3      | Reached skill level 5 in Stealth
  1980 | D:3      | Noticed a giant frog
  2007 | D:4      | Noticed yogakurto's ghost (amateur OpAr)
  2062 | D:4      | Noticed an ogre
  2086 | D:4      | Reached XP level 5. HP: 9/24 MP: 6/6
  2307 | D:5      | Entered Level 5 of the Dungeon
  2523 | D:5      | Found a staircase to the Ecumenical Temple.
  2535 | Temple   | Entered the Ecumenical Temple
  2574 | Temple   | Became a worshipper of Trog the Wrathful
  2794 | D:5      | Found an iron altar of Okawaru.
  3227 | D:6      | Noticed a sky beast
  3227 | D:6      | Noticed an ice beast
  3285 | D:6      | Reached skill level 5 in Unarmed Combat
  3285 | D:6      | Gained mutation: You are covered in thick fur (AC +2). [Felid growth]
  3285 | D:6      | Reached XP level 6. HP: 14/28 MP: 7/7
  3743 | D:6      | Noticed George's ghost (novice HOGl)
  3821 | D:6      | HP: 1/28 [poisoned by a scorpion]
  4323 | D:6      | Reached XP level 7. HP: 17/31 MP: 8/8
  6364 | D:7      | Reached XP level 8. HP: 30/34 MP: 9/9
  6678 | D:7      | Found an opulent altar of Gozag.
  6819 | D:7      | Found an ancient bone altar of Kikubaaqudgha.
  6829 | D:7      | Reached skill level 10 in Unarmed Combat
  7079 | D:7      | Found Pymn's Antique Armour Shoppe.
  7598 | D:7      | Killed from afar by an orc priest
  7599 | D:7      | Reached XP level 7. HP: -1/31 MP: 8/8
  7599 | D:7      | Found a sacrificial altar of Ru.
  7599 | D:7      | Found a glowing golden altar of the Shining One.
  7635 | D:8      | Noticed a hippogriff
  7673 | D:7      | Reached * piety under Trog
  7679 | D:7      | HP: 2/46 [howler monkey (2)]
  7680 | D:7      | Reached XP level 8. HP: 1/34 MP: 9/9
  7690 | D:7      | Identified the +3 dagger of Defilement {pierce, +Fly MP+9}
  7690 | D:7      | Slain by a crimson imp
  7691 | D:7      | Reached XP level 7. HP: -3/46 MP: 8/8
  7972 | D:8      | Reached XP level 8. HP: 34/34 MP: 9/9
  8279 | D:8      | Found a staircase to the Lair.
  8445 | D:8      | Reached skill level 3 in Dodging
  8466 | D:8      | Reached skill level 4 in Dodging
  8774 | D:8      | Found a radiant altar of Vehumet.
  8844 | D:8      | Reached skill level 5 in Dodging
  8971 | D:7      | Reached skill level 6 in Dodging
  9003 | D:8      | Reached ** piety under Trog
  9003 | D:8      | Reached skill level 7 in Dodging
  9003 | D:8      | Reached XP level 9. HP: 25/37 MP: 10/10
  9391 | D:4      | Found Zocelepsairi's Serpentskin Sales.
  9421 | D:4      | Killed yogakurto's ghost
  9421 | D:4      | Reached skill level 8 in Dodging
  9703 | D:4      | Noticed Dowan
  9707 | D:4      | Killed Dowan
  9713 | D:4      | Noticed Duvessa
  9720 | D:4      | Killed Duvessa
  9803 | D:4      | Reached skill level 9 in Dodging
  9860 | D:4      | Noticed Blork the orc
  9867 | D:4      | Killed Blork the orc
 11012 | D:6      | Reached skill level 10 in Dodging
 11218 | D:6      | Killed George's ghost
 11440 | Lair:1   | Entered Level 1 of the Lair of Beasts
 11559 | Lair:1   | Reached *** piety under Trog
 11559 | Lair:1   | Reached skill level 11 in Dodging
 11566 | Lair:1   | Reached XP level 10. HP: 33/42 MP: 11/11
 11799 | Lair:1   | Reached skill level 12 in Dodging
 12216 | Lair:1   | Noticed Fannar
 12240 | Lair:1   | Killed Fannar
 12240 | Lair:1   | Reached skill level 13 in Dodging
 12599 | Lair:1   | Noticed an ice statue
 12847 | Lair:2   | Noticed a five-headed hydra
 13248 | Lair:2   | Noticed an eight-headed hydra
 13280 | Lair:2   | Reached skill level 14 in Dodging
 13285 | Lair:2   | Reached **** piety under Trog
 13311 | Lair:2   | Noticed a spiny frog
 13315 | Lair:2   | Killed a spiny frog
 13376 | Lair:3   | Noticed a spiny frog
 13379 | Lair:3   | Noticed Nergalle
 13677 | Lair:2   | Noticed Sonja
 13760 | Lair:3   | Killed a spiny frog
 13855 | Lair:3   | Reached XP level 11. HP: 42/45 MP: 12/12
 13864 | Lair:3   | Noticed a six-headed hydra
 14064 | Lair:4   | Found a labyrinth entrance.
 14071 | Lab      | Entered a labyrinth
 14395 | Lab      | Noticed a minotaur
 14441 | Lab      | Slain by a minotaur
 14442 | Lab      | Reached XP level 10. HP: -1/63 MP: 11/11
 14900 | Lab      | Killed a minotaur
 14900 | Lab      | Reached skill level 15 in Dodging
 14909 | Lab      | Identified the Reference Book on Calling and Displacement
 15049 | Lair:4   | Noticed an oklob plant
 15265 | Lair:4   | Reached skill level 16 in Dodging
 15927 | Lair:5   | Noticed a spiny frog
 15964 | Lair:5   | Noticed a seven-headed hydra
 16023 | Lair:6   | Found a staircase to the Slime Pits.
 16071 | Lair:6   | Noticed a spiny frog
 16282 | Lair:6   | Found a hole to the Spider Nest.
 16333 | Lair:6   | Reached XP level 11. HP: 46/46 MP: 12/12
 16342 | Lair:6   | Reached skill level 5 in Fighting
 16419 | Lair:6   | Reached ***** piety under Trog
 16890 | Lair:6   | Found a staircase to the Swamp.
 17102 | Lair:6   | Slain by a komodo dragon

Vault maps used:
D:1:      minmay_arrival_jagged, st_stairs_9, tso_metal_star
D:2:      makhleb_heckhound_becter
D:3:      gammafunk_pakellas_cloud_experiment
D:4:      guppyfry_shop_venom, uniq_blork_the_orc, uniq_duvessa
D:5:      minmay_temple_entry_purple_smoke, first_bread, okawaru_metal_pillars_3
D:6:      kennysheep_generic_room_5
D:7:      grunt_temple_overflow_open,
          nicolae_gozag_cash_rules_everything_around_me,
          lemuel_mausoleum_altar_kikubaaqudgha, serial_shops,
          nicolae_shop_statue_plus, kennysheep_cross_bottleneck, the_bakery
D:8:      fiery_altar_vehumet, lair_0_dummy
Temple:   roderic_octagonal_lattice_temple
Lair:1:   ice2_lemuel, uniq_fannar
Lair:2:   beast_lair_carwin_3, grunt_megastairs_1, serial_bayou_shore_b,
          infiniplex_staircase_pool, uniq_sonja
Lair:3:   pond_and_an_island_with_a_cottage, infiniplex_staircase_pool_2,
          uniq_nergalle
Lair:4:   lab_entry_generic, serial_bayou_lagoon_b
Lair:5:   grunt_megastairs_4
Lair:6:   swamp_mist, spider_nest_entry_rubble, slime_dummy,
          nicolae_volcano_entry_batcave
Lair:7:   serial_bayou_pond_a, nicolae_quartered_pool_super
Lab:      labyrinth_spiral, lab_statue

Skill      XL: |  1  2  3  4  5  6  7  8  9 10 11 |
---------------+----------------------------------+-----
Stealth        | 2 3 4 5 6 7 |  7.8
Unarmed Combat | 4 5 8 12 | 12.5
Dodging        | 7 11 16 | 16.2
Fighting       | 4 6 |  6.5
Evocations     | |  1.1

Action                   |  1- 3 |  4- 6 |  7- 9 | 10-12 || total
-------------------------+-------+-------+-------+-------++-------
Melee: Unarmed           |    92 |   112 |   408 |   433 ||  1045
Invok: Berserk           |       |       |     9 |    12 ||    21
       Trog's Hand       |       |       |       |     5 ||     5
Evoke: Wand              |       |       |       |     2 ||     2
  Use: Potion            |       |     3 |     4 |     2 ||     9
       Scroll            |       |       |     5 |    12 ||    17
 Stab: Sleeping          |    15 |    10 |    28 |    24 ||    77
       Distracted        |       |       |     7 |       ||     7
       Paralysed         |       |       |       |     1 ||     1
  Eat: Chunk             |     5 |     6 |    19 |    31 ||    61
